| TOP OF THE 1ST |
|
Seattle Pilots batting - Pitching for Oakland Athletics : LHP Jamie Moyer
|
|
Pitching: LHP Jamie Moyer
|
|
|
Batting: SHB Mark McLemore
|
0-0: Swinging Strike 0-1: SINGLE (Line Drive, 3D, EV 97.5 MPH)
|
|
Batting: RHB Dante Bichette
|
0-0: Called Strike 0-1: Ball 1-1: Ball 2-1: Ball 3-1: Swinging Strike 3-2: SINGLE (Line Drive, 8LS, EV 110.0 MPH) Mark McLemore to second
|
|
Batting: RHB Edgar Martinez
|
0-0: Ball 1-0: Foul Ball, location: 2F 1-1: Called Strike 1-2: Foul Ball, location: 2F 1-2: Foul Ball, location: 2F 1-2: Foul Ball, location: 2F 1-2: Fly out, F8 (Flyball, 8RXD, EV 100.0 MPH) Runner from 2nd tags up, SAFE at 3rd, no throw by CF
|
|
Batting: RHB Jermaine Dye
|
0-0: Called Strike Dante Bichette is caught stealing 2nd base 2-4 0-1: Swinging Strike 0-2: Fly out, F7 (Flyball, 7D, EV 98.8 MPH)
|
| Top of the 1st over - 0 runs, 2 hits, 0 errors, 1 left on base; Seattle 0 - Oakland 0 |
| BOTTOM OF THE 1ST |
|
Oakland Athletics batting - Pitching for Seattle Pilots : LHP Chris Haney
|
|
Pitching: LHP Chris Haney
|
|
|
Batting: RHB Rickey Henderson
|
0-0: Ball 1-0: Called Strike 1-1: Fly out, F9 (Flyball, 9LS, EV 87.5 MPH)
|
|
Batting: LHB John Olerud
|
0-0: Fly out, F7 (Flyball, 7S, EV 89.4 MPH)
|
|
Batting: RHB Jay Buhner
|
0-0: Fly out, F7 (Flyball, 7D, EV 108.8 MPH)
|
| Bottom of the 1st over - 0 runs, 0 hits, 0 errors, 0 left on base; Seattle 0 - Oakland 0 |
| TOP OF THE 2ND |
|
Seattle Pilots batting - Pitching for Oakland Athletics : LHP Jamie Moyer
|
|
Batting: LHB Ken Griffey Jr.
|
0-0: SINGLE (Line Drive, 6MD, EV 100.6 MPH)
|
|
Batting: SHB Bill R Mueller
|
0-0: Ball 1-0: Fielders Choice at 2nd, 1-6 (Groundball, 13, EV 88.1 MPH)
|
|
Batting: LHB J.T. Snow
|
0-0: Called Strike 0-1: Foul Ball, location: 2F 0-2: Ball 1-2: Ball 2-2: Foul Ball, location: 2F 2-2: Ball 3-2: SINGLE (Flyball, 78S, EV 90.0 MPH) Bill R Mueller to second Bill R Mueller to third
|
|
Batting: RHB Aaron Ledesma
|
0-0: Foul Ball, location: 2F 0-1: Fly out, F8 (Line Drive, 8LD, EV 92.5 MPH) Runner from 3rd tags up, SCORES, throw by CF
|
|
Batting: RHB Francisco Cabrera
|
0-0: Called Strike 0-1: Ball 1-1: Ball 2-1: Ground out 4-3 (Groundball, 4, EV 82.5 MPH)
|
| Top of the 2nd over - 1 run, 2 hits, 0 errors, 1 left on base; Seattle 1 - Oakland 0 |
| BOTTOM OF THE 2ND |
|
Oakland Athletics batting - Pitching for Seattle Pilots : LHP Chris Haney
|
|
Batting: RHB Greg Vaughn
|
0-0: Called Strike 0-1: Ball 1-1: Called Strike 1-2: Strikes out swinging
|
|
Batting: SHB Geronimo Pena
|
0-0: Ball 1-0: Called Strike 1-1: SINGLE (Groundball, 3D, EV 103.1 MPH)
|
|
Batting: RHB Herbert Perry
|
0-0: Ball Geronimo Pena steals 2nd base (no throw) 1-0: Foul Ball, location: 2F 1-1: SINGLE (Groundball, 6MD, EV 95.0 MPH) Geronimo Pena to third
|
|
Batting: RHB Greg Litton
|
0-0: Called Strike 0-1: Grounds into double play, 4-6-3 (Groundball, 4, EV 98.8 MPH)
|
| Bottom of the 2nd over - 0 runs, 2 hits, 0 errors, 1 left on base; Seattle 1 - Oakland 0 |
| TOP OF THE 3RD |
|
Seattle Pilots batting - Pitching for Oakland Athletics : LHP Jamie Moyer
|
|
Batting: SHB Mark McLemore
|
0-0: Ball 1-0: Ball 2-0: Reached on error, E6 (Groundball, 56, EV 99.4 MPH)
|
|
Batting: RHB Dante Bichette
|
0-0: Foul Ball, location: 2F 0-1: Ball 1-1: Grounds out, U3 (Groundball, 3L, EV 85.0 MPH)
|
|
Batting: RHB Edgar Martinez
|
0-0: Ball 1-0: Swinging Strike 1-1: Called Strike 1-2: Foul Ball, location: 2F 1-2: Strikes out swinging
|
|
Batting: RHB Jermaine Dye
|
0-0: 2-RUN HOME RUN (Flyball, 9LD, EV 90.6 MPH), Distance : 352 ft
|
|
Batting: LHB Ken Griffey Jr.
|
0-0: Ball 1-0: Ball 2-0: Called Strike 2-1: Fly out, F9 (Flyball, 89S, EV 92.5 MPH)
|
| Top of the 3rd over - 2 runs, 1 hit, 1 error, 0 left on base; Seattle 3 - Oakland 0 |
| BOTTOM OF THE 3RD |
|
Oakland Athletics batting - Pitching for Seattle Pilots : LHP Chris Haney
|
|
Batting: RHB Kirt Manwaring
|
0-0: Foul Ball, location: 2F 0-1: SINGLE (Groundball, 56D, EV 104.4 MPH)
|
|
Batting: SHB Devon White
|
0-0: Ball 1-0: Ball 2-0: Ball 3-0: Called Strike 3-1: Base on Balls Kirt Manwaring to second
|
|
Batting: RHB Rickey Henderson
|
0-0: Ball 1-0: Foul Ball, location: 2F 1-1: Fly out, F8 (Flyball, 78D, EV 98.1 MPH) Runner from 2nd tags up, OUT at 3rd! 8-5
|
|
Batting: LHB John Olerud
|
0-0: Ball 1-0: Ball 2-0: Called Strike 2-1: Fly out, F7 (Line Drive, 7, EV 93.8 MPH)
|
| Bottom of the 3rd over - 0 runs, 1 hit, 0 errors, 1 left on base; Seattle 3 - Oakland 0 |
| TOP OF THE 4TH |
|
Seattle Pilots batting - Pitching for Oakland Athletics : LHP Jamie Moyer
|
|
Batting: SHB Bill R Mueller
|
0-0: SINGLE (Line Drive, 78S, EV 95.0 MPH)
|
|
Batting: LHB J.T. Snow
|
0-0: Bunt missed! 0-1: Bunt missed! 0-2: Ball 1-2: Strikes out swinging
|
|
Batting: RHB Aaron Ledesma
|
0-0: Ball 1-0: Fly out, F7 (Flyball, 7LS, EV 85.6 MPH)
|
|
Batting: RHB Francisco Cabrera
|
0-0: Called Strike 0-1: SINGLE (Groundball, 5D, EV 96.3 MPH) Bill R Mueller to second
|
|
Batting: SHB Mark McLemore
|
0-0: Ball 1-0: Swinging Strike 1-1: Foul Ball, location: 2F 1-2: Ground out 4-3 (Groundball, 4, EV 85.6 MPH)
|
| Top of the 4th over - 0 runs, 2 hits, 0 errors, 2 left on base; Seattle 3 - Oakland 0 |
| BOTTOM OF THE 4TH |
|
Oakland Athletics batting - Pitching for Seattle Pilots : LHP Chris Haney
|
|
Batting: RHB Jay Buhner
|
0-0: Hit by Pitch
|
|
Batting: RHB Greg Vaughn
|
0-0: Bunt missed! 0-1: Ball 1-1: Bunt missed! 1-2: Fly out, F9 (Flyball, 9S, EV 88.1 MPH)
|
|
Batting: SHB Geronimo Pena
|
0-0: Ball 1-0: Swinging Strike 1-1: Ball 2-1: Foul Ball, location: 2F 2-2: Grounds into double play, 6-4-3 (Groundball, 6, EV 104.4 MPH)
|
| Bottom of the 4th over - 0 runs, 0 hits, 0 errors, 0 left on base; Seattle 3 - Oakland 0 |
| TOP OF THE 5TH |
|
Seattle Pilots batting - Pitching for Oakland Athletics : LHP Jamie Moyer
|
|
Batting: RHB Dante Bichette
|
0-0: Called Strike 0-1: Called Strike 0-2: Ball 1-2: Ball 2-2: Fly out, F7 (Flyball, 7LM, EV 87.5 MPH)
|
|
Batting: RHB Edgar Martinez
|
0-0: Ground out U3 (Groundball, 3L, EV 105.6 MPH)
|
|
Batting: RHB Jermaine Dye
|
0-0: Called Strike 0-1: Ball 1-1: Ball 2-1: Swinging Strike 2-2: Ball 3-2: Strikes out swinging
|
| Top of the 5th over - 0 runs, 0 hits, 0 errors, 0 left on base; Seattle 3 - Oakland 0 |
| BOTTOM OF THE 5TH |
|
Oakland Athletics batting - Pitching for Seattle Pilots : LHP Chris Haney
|
|
Batting: RHB Herbert Perry
|
0-0: Called Strike 0-1: Fly out, F7 (Flyball, 7, EV 86.9 MPH)
|
|
Batting: RHB Greg Litton
|
0-0: Called Strike 0-1: Ball 1-1: SINGLE (Flyball, 89S, EV 97.5 MPH)
|
|
Batting: RHB Kirt Manwaring
|
0-0: Foul Ball, location: 2F 0-1: Ball 1-1: Fly out, F8 (Flyball, 78D, EV 99.4 MPH)
|
|
Batting: SHB Devon White
|
0-0: Called Strike 0-1: Ball 1-1: Fly out, F8 (Flyball, 8RS, EV 88.1 MPH)
|
| Bottom of the 5th over - 0 runs, 1 hit, 0 errors, 1 left on base; Seattle 3 - Oakland 0 |
| TOP OF THE 6TH |
|
Seattle Pilots batting - Pitching for Oakland Athletics : LHP Jamie Moyer
|
|
Batting: LHB Ken Griffey Jr.
|
0-0: Ball 1-0: Ball 2-0: Ball 3-0: Base on Balls
|
|
Batting: SHB Bill R Mueller
|
0-0: Ball 1-0: Foul Ball, location: 2F 1-1: Ball 2-1: Ball 3-1: Fly out, F7 (Flyball, 78M, EV 86.3 MPH)
|
|
Batting: LHB J.T. Snow
|
0-0: Foul Ball, location: 2F 0-1: Ball Ken Griffey Jr. steals 2nd base 1-1: Ball 2-1: Ball 3-1: Called Strike 3-2: Base on Balls
|
|
Batting: RHB Aaron Ledesma
|
0-0: Ball Ken Griffey Jr. is caught stealing 3rd base 2-5 1-0: Ball 2-0: Foul Ball, location: 2F 2-1: Swinging Strike 2-2: Strikes out swinging
|
| Top of the 6th over - 0 runs, 0 hits, 0 errors, 1 left on base; Seattle 3 - Oakland 0 |
| BOTTOM OF THE 6TH |
|
Oakland Athletics batting - Pitching for Seattle Pilots : LHP Chris Haney
|
|
Batting: RHB Rickey Henderson
|
0-0: Called Strike 0-1: Foul Ball, location: 2F 0-2: Fly out, F5 (Popup, 5SF, EV 80.6 MPH)
|
|
Batting: LHB John Olerud
|
0-0: Ball 1-0: SINGLE (Line Drive, 8RS, EV 97.5 MPH)
|
|
Batting: RHB Jay Buhner
|
0-0: Ball 1-0: Ball 2-0: Called Strike 2-1: Fly out, F9 (Line Drive, 9, EV 102.5 MPH)
|
|
Batting: RHB Greg Vaughn
|
0-0: Called Strike 0-1: Ball 1-1: Fly out, F9 (Flyball, 9LM, EV 89.4 MPH)
|
| Bottom of the 6th over - 0 runs, 1 hit, 0 errors, 1 left on base; Seattle 3 - Oakland 0 |
| TOP OF THE 7TH |
|
Seattle Pilots batting - Pitching for Oakland Athletics : LHP Jamie Moyer
|
|
Batting: RHB Francisco Cabrera
|
0-0: Foul Ball, location: 2F 0-1: Ball 1-1: Ball 2-1: Fly out, F7 (Flyball, 7S, EV 93.8 MPH)
|
|
Batting: SHB Mark McLemore
|
0-0: Called Strike 0-1: Ball 1-1: Swinging Strike 1-2: SINGLE (Line Drive, 3D, EV 100.0 MPH)
|
|
Pitching: RHP Don August
|
|
|
Batting: RHB Dante Bichette
|
0-0: Ball 1-0: Ball 2-0: 2-RUN HOME RUN (Flyball, 7LD, EV 93.1 MPH), Distance : 339 ft
|
|
Batting: RHB Edgar Martinez
|
0-0: Called Strike 0-1: Ball 1-1: Ground out 3-1 (Groundball, 34, EV 83.1 MPH)
|
|
Batting: RHB Jermaine Dye
|
0-0: Foul Ball, location: 2F 0-1: Ball 1-1: Foul Ball, location: 2F 1-2: Foul Ball, location: 2F 1-2: Strikes out swinging
|
| Top of the 7th over - 2 runs, 2 hits, 0 errors, 0 left on base; Seattle 5 - Oakland 0 |
| BOTTOM OF THE 7TH |
|
Oakland Athletics batting - Pitching for Seattle Pilots : LHP Chris Haney
|
|
Batting: SHB Geronimo Pena
|
0-0: Ball 1-0: Called Strike 1-1: Foul Ball, location: 2F 1-2: Strikes out swinging
|
|
Batting: RHB Herbert Perry
|
0-0: Called Strike 0-1: Reached via error on a dropped throw from SS, E3 (Groundball, 6, EV 76.9 MPH)
|
|
Batting: RHB Greg Litton
|
0-0: Ball 1-0: Ball 2-0: Called Strike 2-1: Fly out, F5 (Line Drive, 5, EV 74.4 MPH)
|
|
Batting: RHB Kirt Manwaring
|
0-0: Reached on error, E1 (Groundball, 15S, EV 73.8 MPH) Herbert Perry to third
|
|
Batting: SHB Devon White
|
0-0: Ball 1-0: Fly out, F8 (Line Drive, 8RD, EV 91.3 MPH)
|
| Bottom of the 7th over - 0 runs, 0 hits, 2 errors, 2 left on base; Seattle 5 - Oakland 0 |
| TOP OF THE 8TH |
|
Seattle Pilots batting - Pitching for Oakland Athletics : RHP Don August
|
|
Batting: LHB Ken Griffey Jr.
|
0-0: Ball 1-0: Ball 2-0: Called Strike 2-1: Ball 3-1: Base on Balls
|
|
Batting: SHB Bill R Mueller
|
0-0: Ball 1-0: Ball 2-0: Ball 3-0: Base on Balls Ken Griffey Jr. to second
|
|
Batting: LHB J.T. Snow
|
0-0: Sac Bunt to 5S - play at first, batter OUT! 5-3 Ken Griffey Jr. to third Bill R Mueller to second
|
|
Batting: RHB Aaron Ledesma
|
0-0: Ball 1-0: Called Strike 1-1: Foul Ball, location: 2F 1-2: Ball 2-2: SINGLE (Line Drive, 8LS, EV 96.3 MPH) Ken Griffey Jr. scores Bill R Mueller to third Runner from 3rd tries for Home, SAFE, no throw by CF
|
|
Batting: RHB Francisco Cabrera
|
0-0: Ball Wild Pitch! Aaron Ledesma to second 1-0: Ball 2-0: Fly out, F2 (Popup, 23F, EV 85.0 MPH)
|
|
Batting: SHB Mark McLemore
|
0-0: Ball 1-0: Foul Ball, location: 2F 1-1: Called Strike 1-2: Ground out 4-3 (Groundball, 4, EV 108.1 MPH)
|
| Top of the 8th over - 2 runs, 1 hit, 0 errors, 1 left on base; Seattle 7 - Oakland 0 |
| BOTTOM OF THE 8TH |
|
Oakland Athletics batting - Pitching for Seattle Pilots : LHP Chris Haney
|
|
Batting: RHB Rickey Henderson
|
0-0: Foul Ball, location: 2F 0-1: Ball 1-1: Called Strike 1-2: Fly out, F8 (Flyball, 8LS, EV 75.6 MPH)
|
|
Pinch Hitting: RHB Benji Gil
|
0-0: Called Strike 0-1: Ball 1-1: Foul Ball, location: 2F 1-2: Ball 2-2: Strikes out swinging
|
|
Pinch Hitting: SHB John Cangelosi
|
0-0: Ball 1-0: Ball 2-0: Foul Ball, location: 2F 2-1: Ball 3-1: Swinging Strike 3-2: Base on Balls
|
|
Pinch Hitting: RHB Craig Paquette
|
0-0: Ground out 6-3 (Groundball, 6S, EV 89.4 MPH)
|
| Bottom of the 8th over - 0 runs, 0 hits, 0 errors, 1 left on base; Seattle 7 - Oakland 0 |
| TOP OF THE 9TH |
|
Seattle Pilots batting - Pitching for Oakland Athletics : RHP Don August
|
|
Now at 3B: Benji Gil
|
|
|
Now in LF: John Cangelosi
|
|
|
Now in RF: Craig Paquette
|
|
|
Batting: RHB Dante Bichette
|
0-0: Foul Ball, location: 2F 0-1: Ball 1-1: Ground out 1-3 (Groundball, 13, EV 66.3 MPH)
|
|
Batting: RHB Edgar Martinez
|
0-0: Ball 1-0: Fly out, F8 (Flyball, 8RM, EV 90.6 MPH)
|
|
Batting: RHB Jermaine Dye
|
0-0: Ball 1-0: Called Strike 1-1: Fly out, F6 (Flyball, 6MD, EV 75.0 MPH)
|
| Top of the 9th over - 0 runs, 0 hits, 0 errors, 0 left on base; Seattle 7 - Oakland 0 |
| BOTTOM OF THE 9TH |
|
Oakland Athletics batting - Pitching for Seattle Pilots : LHP Chris Haney
|
|
Batting: SHB Geronimo Pena
|
0-0: Ball 1-0: Ground out 5-3 (Groundball, 56, EV 90.6 MPH)
|
|
Batting: RHB Herbert Perry
|
0-0: Ball 1-0: Foul Ball, location: 2F 1-1: Foul Ball, location: 2F 1-2: DOUBLE (Line Drive, 78D, EV 101.3 MPH)
|
|
Batting: RHB Greg Litton
|
0-0: Called Strike 0-1: Swinging Strike 0-2: Strikes out swinging
|
|
Batting: RHB Kirt Manwaring
|
0-0: Ball 1-0: Fly out, F3 (Popup, 23F, EV 87.5 MPH)
|
| Bottom of the 9th over - 0 runs, 1 hit, 0 errors, 1 left on base; Seattle 7 - Oakland 0 |
|